 Dungeon Crawl Stone Soup version 0.21.1-1-g345015f (webtiles) character file.

161 inc the Cudgeler (level 5, 0/36 HPs)
             Began as an Octopode Fighter on Apr 24, 2018.
             Slain by an orc wizard
             ... wielding a +0 dagger
              (4 damage)
             ... on level 4 of the Dungeon.
             The game lasted 00:03:05 (3061 turns).

inc the Cudgeler (Octopode Fighter)                 Turns: 3061, Time: 00:03:06

Health: 0/36       AC:  1    Str: 15    XL:     5   Next: 42%
Magic:  5/5        EV: 12    Int: 11    God:
Gold:   197        SH:  0    Dex: 12    Spells: 4/4 levels left

rFire    . . .     SeeInvis .   a - +0 flail
rCold    . . .     Gourm    .   b - +0 shield
rNeg     . . .     Faith    .   (helmet restricted)
rPois    +         Spirit   .   (no amulet)
rElec    .         Reflect  .   e - ring of poison resistance
rCorr    .         Harm     .   (no ring)
MR       .....                  (no ring)
Stlth    ++........             (no ring)
HPRegen  0.12/turn              (no ring)
MPRegen  0.09/turn              (no ring)
                                (no ring)
                                (no ring)

@: confused
A: almost no armour, stealthy swim, amphibious, 8 rings, constrict 8, camouflage
1, gelatinous body 1
a: no special abilities


You were on level 4 of the Dungeon.
You were not hungry.

You visited 1 branch of the dungeon, and saw 4 of its levels.

You collected 197 gold pieces.

Inventory:

Hand Weapons
 a - a +0 flail (weapon)
Armour
 b - a +0 shield (worn)
Jewellery
 e - a ring of poison resistance (left tentacle)
 g - an uncursed ring of ice {unknown}
 u - a +4 amulet of reflection {unknown}
Wands
 p - a wand of paralysis (13)
 y - a wand of iceblast (6)
Scrolls
 i - a scroll of enchant weapon {unknown}
 j - 2 scrolls of remove curse {unknown}
 k - a scroll of immolation {unknown}
 o - 2 scrolls of identify {unknown}
 q - 2 scrolls of enchant armour {unknown}
 r - a scroll of amnesia {unknown}
 s - a scroll of fear {unknown}
 t - a scroll of magic mapping {unknown}
 x - a scroll of random uselessness {unknown}
Potions
 c - a potion of might
 f - a potion of degeneration {unknown}
 h - a potion of flight {unknown}
 l - a potion of curing {unknown}
 m - 4 potions of agility {unknown}
 n - 2 potions of resistance {unknown}
 v - 2 potions of lignification {unknown}
 w - a potion of heal wounds {unknown}
 A - a potion of mutation {unknown}
Comestibles
 d - 5 rations


   Skills:
 - Level 3.0 Fighting
 + Level 4.5 Maces & Flails
 - Level 3.0 Dodging
 + Level 4.2 Shields


You had 4 spell levels left.
You didn't know any spells.

Dungeon Overview and Level Annotations

Branches:
Dungeon (4/15)
 Temple: D:4-7

Altars:


Innate Abilities, Weirdness & Mutations

You cannot wear most types of armour.
You are very stealthy in the water. (Stealth+)
You are amphibious.
You can wear up to eight rings at the same time.
You can use your tentacles to constrict eight enemies at once.
Your skin changes colour to match your surroundings (Stealth+).
Your rubbery body absorbs attacks. (AC +1, EV +1)


Message History

The orc misses you. The orc wizard barely misses you.
The orc wizard hits you with a dagger.
The orc wizard hits you but does no damage.
Unknown command.
You closely miss the orc wizard.
The orc wizard is moderately wounded.
The orc closely misses you.
The orc wizard hits you with a dagger. x2
The orc wizard gestures at you while chanting.
You resist with some effort. The orc hits you but does no damage.
The orc closely misses you.
The orc wizard hits you but does no damage.
You're too confused to move!
The orc wizard hits you with a dagger. The orc wizard casts a spell at you.
The magic dart hits you!
* * * LOW HITPOINT WARNING * * *
The orc wizard barely misses you. The orc hits you.
* * * LOW HITPOINT WARNING * * *
The orc misses you.
You miss the orc wizard. The orc wizard hits you with a dagger.
You die...

.!... ..... ......
########## ......
#.<....... ......#######
#......... .......oo...#
#......... #...o@†..#
#.........
#...oo...####'#######
#######....................
....................#######
.........................#
............######.......#
######.....# #.>.....#
#.....# #.......#
######.....######.......#


You could see 3 orc wizards and 2 orcs.

Vanquished Creatures
  3 gnolls (D:3)
  4 adders
  An ooze (D:3)
  5 worms
  2 dart slugs
  A leopard gecko (D:3)
  5 orcs (D:3)
  4 giant cockroaches
  5 hobgoblins
  6 jackals (D:3)
  8 kobolds
  2 quokkas
  10 bats
  3 frilled lizards
  7 goblins
  5 rats
71 creatures vanquished.

Notes
Turn   | Place    | Note
-------+----------+-------------------------------------------
     0 | D:1      | inc the Octopode Fighter began the quest for the Orb.
     0 | D:1      | Reached XP level 1. HP: 16/16 MP: 1/1
   330 | D:1      | You fall through a shaft!
   405 | D:2      | Reached XP level 2. HP: 17/21 MP: 2/2
   831 | D:1      | Reached XP level 3. HP: 26/26 MP: 3/3
  1695 | D:2      | Reached XP level 4. HP: 29/31 MP: 4/4
  2596 | D:3      | Reached XP level 5. HP: 34/36 MP: 5/5
  3061 | D:4      | Slain by an orc wizard

Skill      XL: |  1  2  3  4 |
---------------+-------------+-----
Maces & Flails | 3 4 |  4.5
Shields        | 4 |  4.2
Fighting       | |  3.0
Dodging        | |  3.0

Action                   |  1- 3 |  4- 6 || total
-------------------------+-------+-------++-------
Melee: Flail             |    56 |    89 ||   145
       Constrict         |    13 |    26 ||    39
       Tentacles         |     8 |    14 ||    22
 Stab: Sleeping          |     9 |     6 ||    15
  Eat: Chunk             |     2 |     5 ||     7
Armor: Skin              |     2 |     7 ||     9
Dodge: Dodged            |    10 |    43 ||    53
Block: Shield            |    23 |    43 ||    66
